 Dungeon Crawl Stone Soup version 0.30-a0-462-gd5975efbca (webtiles) character file.

Game seed: 14086107173559972800

13979 experimilk the Destroyer (level 11, -4/120 HPs)
             Began as a Yellow Draconian Conjurer on Dec 16, 2022.
             Was a Believer of Hepliaklqana.
             Slain by a death yak (24 damage)
             ... on level 2 of the Lair of Beasts.
             The game lasted 00:39:06 (15270 turns).

experimilk the Destroyer (DrCj)                    Turns: 15270, Time: 00:39:06

Health: -4/120     AC:  7    Str: 14    XL:     11   Next: 82%
Magic:  17/23      EV: 16    Int: 25    God:    Hepliaklqana [**....]
Gold:   491        SH:  0    Dex: 15    Spells: 19/26 levels left

rFire   . . .      SeeInvis .    F - +7 mace "Goblin's Death" {freeze, rN++ Str+3 Int+3}
rCold   . . .      Faith    .    (no shield)
rNeg    + + .      Spirit   .    (body armour unavailable)
rPois   .          Reflect  .    (helmet restricted)
rElec   .          Harm     .    h - scarf {+Inv}
rCorr   +          Rampage  .    (no gloves)
Will    .....                    (no boots)
Stlth   ..........               G - amulet of magic regeneration
HPRegen 0.40/turn                D - ring of wizardry
MPRegen 0.58/turn                y - +6 ring of dexterity

@: berserking, short of breath, very quick
A: reduced essence, spit acid, AC +7, unfitting armour, cold-blooded, acid
resistance
a: Breathe Acid, Renounce Religion, Evoke Invisibility, Recall Ancestor,
Ancestor Identity


You were on level 2 of the Lair of Beasts.
You worshipped Hepliaklqana.
Hepliaklqana was pleased with you.
You visited 3 branches of the dungeon, and saw 13 of its levels.

You collected 569 gold pieces.
You spent 78 gold pieces at shops.

Inventory:

Hand Weapons
 F - the +7 mace "Goblin's Death" (weapon) {freeze, rN++ Str+3 Int+3}
   (You found it on level 9 of the Dungeon)

   It freezes those it strikes, dealing additional cold damage.
   It can also slow down cold-blooded creatures.
   Str:       It affects your strength (+3).
   Int:       It affects your intelligence (+3).
   rN:        It greatly protects you from negative energy.
Missiles
 s - 3 throwing nets
Armour
 h - a scarf of invisibility (worn)
Jewellery
 p - a ring of ice
 y - a +6 ring of dexterity (right hand)
 D - a ring of wizardry (left hand)
 G - an amulet of magic regeneration (around neck)
 I - a ring of fire
Wands
 A - a wand of flame (48)
 C - a wand of mindburst (19)
 H - a wand of iceblast (3)
Scrolls
 e - a scroll of noise {unknown}
 f - 6 scrolls of teleportation
 g - 2 scrolls of immolation
 k - 4 scrolls of enchant armour
 l - a scroll of blinking {unknown}
 m - 3 scrolls of vulnerability
 n - 4 scrolls of enchant weapon
 q - 2 scrolls of amnesia {unknown}
 r - 3 scrolls of fog
 w - a scroll of brand weapon {unknown}
 z - 2 scrolls of butterflies
 B - a scroll of fear {unknown}
Potions
 a - 2 potions of magic
 b - a potion of flight
 c - 2 potions of might
 d - 3 potions of mutation
 i - 8 potions of curing
 j - 2 potions of haste
 o - a potion of invisibility {unknown}
 t - 3 potions of lignification
 u - a potion of heal wounds
 v - 2 potions of berserk rage
 x - 2 potions of attraction
 E - 4 potions of cancellation


   Skills:
 - Level 6.0 Fighting
 + Level 8.1 Dodging
 - Level 1.7 Stealth
 + Level 8.2 Spellcasting
 * Level 14.4 Conjurations


You had 19 spell levels left.
You knew the following spells:

 Your Spells              Type           Power      Damage    Failure   Level
a - Magic Dart            Conj           100%       1d8       0%          1
x - Iskenderun's Mystic   Conj/Tloc      46%        2d10      1%          4
z - Searing Ray           Conj           100%       2d8       1%          2

Your spell library contained the following spells:

 Spells                   Type           Power      Damage    Failure   Level
 Dazzling Flash           Conj/Hex       92%        N/A       1%          3
 Fulminant Prism          Conj/Hex       23%        3d12      1%          4
 Slow                     Hex            40%        N/A       2%          1
 Confusing Touch          Hex            10%        N/A       8%          3
 Vampiric Draining        Necr           10%        2d6       8%          3


Dungeon Overview and Level Annotations

Branches:
Dungeon (10/15)            Temple (1/1) D:5            Lair (2/5) D:8
    Orc (0/2) D:9
  Swamp: Lair:2-3    Shoals: Lair:2-3     Snake: Lair:2-3    Spider: Lair:2-3

Altars:
Ashenzari
Cheibriados
Dithmenos
Elyvilon
Fedhas
Gozag
Hepliaklqana
Kikubaaqudgha
Makhleb
Nemelex Xobeh
Okawaru
Qazlal
Ru
Sif Muna
Trog
Uskayaw
Vehumet
Wu Jian
Xom
Yredelemnul
Zin
The Shining One

Shops:
D:4 (   D:5 *

Annotations:
D:1 1 transporter
D:9 1 runed translucent door, indyram44's ghost, novice DsBe
Lair:1 3 runed translucent doors, tinescath's ghost, journeyman FoFi


Innate Abilities, Weirdness & Mutations

Your life essence is reduced to manifest your ancestor. (-10% HP)
You can spit globs of acid.
Your golden yellow scales are hard. (AC +7)
You cannot fit into any form of body armour.
You are cold-blooded and may be slowed by cold attacks.
You are resistant to acid. (rCorr)


Message History

* * * LOW HITPOINT WARNING * * *
Kenrick hits the death yak but does no damage.
Unknown command.
Unknown command.
Casting: Iskenderun's Mystic Blast (mildly dangerous; 1% risk of failure)
Confirm with . or Enter, or press ? or * to list all spells.
You erupt in a blast of force!
Kenrick avoids your attack.
The mystic blast hits the death yak!
The death yak is lightly wounded.
The death yak is knocked back by the mystic blast.
The mystic blast hits the death yak.
The death yak is moderately wounded.
The death yak is knocked back by the mystic blast.
The death yak slams into the rock wall!
The death yak is moderately wounded.
The mystic blast hits the death yak!!
The death yak is heavily wounded.
The death yak barely misses you.
Unknown command.
You feel much better. The death yak barely misses you.
The death yak gores you but does no damage.
Kenrick hits the death yak with a +0 flail!
A red film seems to cover your vision as you go berserk!
You feel yourself moving faster!
You feel mighty! The death yak gores you! The death yak closely misses you.
You sock the death yak! You freeze the death yak.
Your tail-slap misses the death yak.
The death yak is severely wounded.
The death yak gores you. The death yak barely misses you.
The death yak closely misses you.
You thump the death yak! You freeze the death yak.
The death yak is almost dead.
Kenrick hits the death yak with a +0 flail!
The death yak gores you! The death yak gores you!!
* * * LOW HITPOINT WARNING * * *
You sock the death yak! You freeze the death yak.
You kill the death yak!
Kenrick hits the death yak with a +0 flail!
The death yak gores Kenrick.
The death yak gores you!!
You die...

#.## ########
##....#.## ..#.#.####
#........ #........?
+.......####Y.YR.....
#.......##...@......$
#....................
##..........#.........
#.....................
#P.....[....#........^
##.........รท#........P
#........+...........P
##.......P#####.##...P
#........P# .# ##..


You could see the friendly Kenrick the knight and 2 death yaks.

Vanquished Creatures
  Harold (D:10)
  2 death yaks
  2 two-headed ogres (D:10)
  Erica (D:8)
  A torpor snail (Lair:1)
  Joseph (D:8)
  An unseen horror zombie (D:8)
  A cane toad (Lair:1)
  An unseen horror (D:9)
  12 yaks
  A basilisk (Lair:2)
  3 wyverns
  5 water moccasins
  An acid dragon (D:8)
  An ice beast (D:7)
  4 orc warriors
  2 sky beasts (D:7)
  A black bear (D:5)
  3 centaurs
  2 phantoms
  A kobold brigand (D:7)
  A gnoll sergeant (D:9)
  A necrophage (D:5)
  8 bullfrogs
  4 scorpions
  5 killer bees (D:7)
  2 electric eels (D:7)
  4 howler monkeys
  6 centaur zombies (D:8)
  8 hounds
  A jelly (D:6)
  4 orc priests
  3 iguanas
  13 orc wizards
  A killer bee zombie (D:8)
  A mummy (D:4)
  A howler monkey zombie (D:8)
  Robin (D:4)
  7 gnolls
  6 adders
  A shadow imp (D:7)
  4 white imps
  2 worms
  3 dart slugs
  28 orcs
  6 bats
  2 endoplasms
  5 giant cockroaches
  17 goblins
  9 hobgoblins
  5 jackals
  5 kobolds
  A quokka (D:2)
  7 ball pythons
  A frilled lizard (D:3)
  7 rats
227 creatures vanquished.

Vanquished Creatures (collateral kills)
  A death yak (Lair:2)
  A cane toad (Lair:1)
  A rime drake (Lair:2)
  2 komodo dragons (Lair:1)
  6 yaks (Lair:1)
  2 basilisks (Lair:1)
  A water moccasin (Lair:2)
  A bullfrog (Lair:1)
15 creatures vanquished.

Vanquished Creatures (others)
  An ancestor (D:10)
  A knight (Lair:2)
  An orc wizard (D:6)
  A goblin (D:4)
  6 fungi
  15 plants
25 creatures vanquished.

Grand Total: 267 creatures vanquished

Notes
Turn   | Place    | Note
-------+----------+-------------------------------------------
     0 | D:1      | experimilk the Draconian Conjurer began the quest for the
                  | Orb.
     0 | D:1      | Reached XP level 1. HP: 14/14 MP: 3/3
   313 | D:1      | Reached XP level 2. HP: 18/20 MP: 0/5
   576 | D:1      | Learned a level 2 spell: Searing Ray
   682 | D:1      | Found a faded altar of an unknown god.
  1187 | D:2      | Reached skill level 5 in Conjurations
  1187 | D:2      | Reached XP level 3. HP: 25/26 MP: 1/6
  1959 | D:2      | Reached XP level 4. HP: 33/33 MP: 4/7
  2296 | D:2      | Learned a level 4 spell: Iskenderun's Mystic Blast
  2661 | D:3      | Identified the +2 helmet of Patterns {rF- rN+ Int+2}
  2978 | D:3      | Reached skill level 6 in Conjurations
  3599 | D:4      | You fall into a shaft and drop 3 floors!
  3607 | D:6      | Noticed a centaur
  3612 | D:6      | Killed a centaur
  3613 | D:6      | Reached XP level 5. HP: 22/38 MP: 0/8
  3738 | D:6      | Reached skill level 7 in Conjurations
  3743 | D:5      | Entered Level 5 of the Dungeon
  3792 | D:5      | Reached XP level 6. HP: 35/45 MP: 0/9
  4066 | D:4      | Found Tuuz's Weapon Shop.
  4076 | D:4      | Noticed Robin
  4078 | D:4      | Killed Robin
  4293 | D:4      | Found a white marble altar of Elyvilon.
  4312 | D:4      | Reached skill level 8 in Conjurations
  5156 | D:3      | Your scales start taking on a golden yellow colour.
  5156 | D:3      | Reached XP level 7. HP: 50/50 MP: 3/10
  5156 | D:3      | Gained mutation: You are resistant to acid. (rCorr) [Yellow
                  | Draconian growth]
  5713 | D:5      | Reached skill level 9 in Conjurations
  5959 | D:5      | Found a staircase to the Ecumenical Temple.
  5971 | Temple   | Entered the Ecumenical Temple
  6272 | D:5      | Found Netiox's General Store.
  6275 | D:5      | Bought a potion of lignification for 39 gold pieces
  6275 | D:5      | Bought a potion of attraction for 39 gold pieces
  6339 | D:5      | Found a shimmering altar of Xom.
  6592 | D:6      | Reached XP level 8. HP: 47/57 MP: 3/12
  6762 | D:6      | Reached skill level 10 in Conjurations
  6944 | D:6      | Found an ornate altar of the Wu Jian Council.
  7232 | D:6      | Reached skill level 11 in Conjurations
  7864 | D:6      | Found a stormy altar of Qazlal.
  8060 | D:7      | Reached XP level 9. HP: 36/62 MP: 5/13
  8064 | D:7      | Reached skill level 12 in Conjurations
  8324 | D:7      | Found a hazy altar of Hepliaklqana.
  8353 | D:7      | Reached skill level 1 in Fighting
  8595 | D:7      | Found a blossoming altar of Fedhas.
  9624 | D:7      | Became a worshipper of Hepliaklqana the Forgotten
  9644 | D:8      | Found a hide-covered altar of Uskayaw.
  9649 | D:7      | Reached skill level 5 in Spellcasting
  9755 | D:8      | Reached XP level 10. HP: 67/80 MP: 5/19
  9917 | D:8      | Noticed Erica
 10020 | D:8      | Reached skill level 5 in Dodging
 10208 | D:8      | Found a sparkling altar of Nemelex Xobeh.
 10435 | D:8      | Killed Erica
 10436 | D:8      | Reached skill level 5 in Fighting
 10594 | D:8      | Found a basalt altar of Yredelemnul.
 10615 | D:8      | Found a staircase to the Lair.
 10985 | D:8      | Noticed Joseph
 11006 | D:8      | Killed Joseph
 11233 | D:8      | Found a snail-covered altar of Cheibriados.
 11337 | D:8      | Found a burning altar of Makhleb.
 11495 | D:9      | Identified the +7 mace "Goblin's Death" {freeze, rN++ Str+3
                  | Int+3}
 11758 | D:9      | Found a runed translucent door.
 11759 | D:9      | Found a shimmering altar of Xom.
 11759 | D:9      | Noticed indyram44's ghost (novice DsBe)
 11760 | D:9      | Noticed a +2 flail of chaos
 11768 | D:9      | Found a staircase to the Orcish Mines.
 11773 | D:9      | Reached * piety under Hepliaklqana
 12275 | D:10     | Entered Level 10 of the Dungeon
 12338 | D:10     | Noticed a two-headed ogre
 12346 | D:10     | Killed a two-headed ogre
 12686 | D:10     | Found an iron altar of Okawaru.
 12788 | D:10     | Found a radiant altar of Vehumet.
 12851 | D:10     | Reached XP level 11. HP: 80/80 MP: 14/21
 12894 | D:10     | Reached ** piety under Hepliaklqana
 12895 | D:10     | Remembered your ancestor Kenrick as a knight
 12911 | D:10     | Noticed Harold
 12930 | D:10     | Killed Harold
 12931 | D:10     | Reached skill level 13 in Conjurations
 12974 | D:10     | Noticed a two-headed ogre
 12978 | D:10     | Killed a two-headed ogre
 13290 | D:10     | Found a shimmering blue altar of Sif Muna.
 13669 | Lair:1   | Entered Level 1 of the Lair of Beasts
 13691 | Lair:1   | Found a runed translucent gate.
 13712 | Lair:1   | Noticed tinescath's ghost (journeyman FoFi)
 14101 | Lair:1   | Found a runed translucent gate.
 14101 | Lair:1   | Found a runed translucent gate.
 14326 | Lair:1   | Noticed a death yak
 14337 | Lair:1   | Killed a death yak
 14338 | Lair:1   | Reached skill level 14 in Conjurations
 14820 | Lair:1   | Upgraded the game from 0.30-a0-459-g9104f0fc43 to
                  | 0.30-a0-462-gd5975efbca
 14904 | Lair:2   | Identified the +2 ring mail of the Sun {Dex+3 SInv}
 15011 | Lair:2   | Noticed a death yak
 15011 | Lair:2   | Noticed a death yak
 15016 | Lair:2   | Noticed a death yak
 15017 | Lair:2   | Noticed a death yak
 15018 | Lair:2   | Killed a death yak
 15270 | Lair:2   | Killed a death yak
 15270 | Lair:2   | Slain by a death yak

Illustrated notes

Levels and vault maps discovered:
D:1:      spicycebolla_arrival_risky_transporter, layout_loops_cross,
          hellmonk_ecumenical_altar_inner_sanctum
D:2:      layout_basic, serial_corexii_hall, chequers_hall_statues_y,
          chequers_hall_statues_y, corexii_hall_statues_t,
          corexii_hall_statues_deadend
D:3:      layout_basic
D:4:      layout_loops_ring, elyvilon_altar_1, serial_shops,
          nicolae_shop_hallway_stairs, gup_ossuary_entry_pyramid, uniq_robin
D:5:      layout_cave_pools, nicolae_overflow_crystal_walls,
          minmay_temple_entry_stoned_glass, serial_shops, kennysheep_mini_moat,
          hangedman_decor_lopped
D:6:      layout_basic, nicolae_qazlal_general_emergency,
          general_overflow_altar, minivault_26, corexii_corridor_pit
D:7:      layout_basic, fedhas_ov_isle_minmay, old_standard_altar,
          minmay_misc_feat_diagonals, serial_bayou_lagoon_a,
          dreamdust_princess_bridge, minmay_fractal_squares_5
D:8:      layout_rooms, nemelex_altar_shiori, mainiacjoe_overflow_tiny_flanked,
          mainiacjoe_overflow_24_doors, kennysheep_slug_shrine,
          nicolae_yredelemnul_corpse_copse, reono_crystal_passage,
          grunt_decor_one_mirror, uniq_joseph, uniq_erica
D:9:      layout_basic, orc_0_dummy, ebering_ghost_xom
D:10:     layout_stronghold, tgw_sif, lemuel_doored_altar,
          vehumet_altar_wand_db, uniq_harold
Temple:   hellmonk_temple_micro_hex
Lair:1:   layout_hall_layers, gammafunk_ghost_icy, grunt_megastairs_2
Lair:2:   layout_roguey, elwin_shoals_entry_rocks, minmay_lair_oklob_bushes

Skill      XL: |  1  2  3  4  5  6  7  8  9 10 11 |
---------------+----------------------------------+-----
Conjurations   | 5 6 7 8 9 11 12 14 | 14.4
Dodging        | 2 3 4 6 8 |  8.1
Spellcasting   | 3 6 7 8 |  8.2
Fighting       | 4 6 |  6.0
Stealth        | |  1.7

Action                   |  1- 3 |  4- 6 |  7- 9 | 10-12 || total
-------------------------+-------+-------+-------+-------++-------
Melee: Unarmed           |    15 |       |       |       ||    15
       Dagger            |    18 |     9 |       |       ||    27
       Tailslap          |     1 |     3 |    10 |     3 ||    17
       Hand axe          |       |    36 |    39 |       ||    75
       Whip              |       |       |    34 |    30 ||    64
       Punch             |       |       |     1 |       ||     1
       Mace              |       |       |       |     5 ||     5
 Cast: Magic Dart        |    74 |    47 |    57 |    57 ||   235
       Searing Ray       |     2 |    16 |    40 |    58 ||   116
       Iskenderun's Myst |       |       |    12 |    31 ||    43
Invok: Ancestor Life: Kn |       |       |       |     1 ||     1
 Abil: Breathe Acid      |       |       |    15 |    18 ||    33
Evoke: Wand              |       |       |     5 |     1 ||     6
  Use: Scroll            |       |     5 |     9 |     5 ||    19
       Potion            |       |       |     4 |     8 ||    12
Armor: Skin              |    14 |    28 |    95 |    52 ||   189
Dodge: Dodged            |    26 |    46 |    70 |    64 ||   206

Table legend: (Time is in decaauts)
 A = Elapsed time spent in this place.
 B = Non-inter-level travel time spent in this place.
 C = Inter-level travel time spent in this place.
 D = Time resting spent in this place.
 E = Time spent auto-exploring this place.
 F = Levels seen in this place.
 G = Mean time per level.
                   A        B        C        D        E       F      G
               +--------+--------+--------+--------+--------+-----+--------+
         Total |  15330 |  14540 |    790 |   3562 |   9262 |  13 | 1179.2 |
       Dungeon |  13722 |  12967 |    755 |   3068 |   8400 |  10 | 1372.2 |
        Temple |      1 |      1 |      0 |      0 |      0 |   1 |    1.0 |
          Lair |   1606 |   1572 |     34 |    494 |    862 |   2 |  803.0 |
               +--------+--------+--------+--------+--------+-----+--------+

Top non-repeatable levels by time:
     D:7: 1951 daAuts
     D:3: 1929 daAuts
     D:6: 1608 daAuts
     D:8: 1604 daAuts
  Lair:1: 1433 daAuts
    D:10: 1359 daAuts
     D:1: 1233 daAuts
     D:5: 1082 daAuts
     D:2: 1082 daAuts
     D:4: 1046 daAuts
     D:9: 824 daAuts
  Lair:2: 173 daAuts
  Temple: 1 daAuts
